 Dungeon Crawl Stone Soup version 0.28-a0-1444-g6c55d0bc0c (webtiles) character file.

Game seed: 1765292261473664982

202060 Deminshera the Warrior (level 17, -2/217 HPs)
             Began as a Demonspawn Hunter on Jan 10, 2022.
             Was a High Priest of Okawaru.
             Slain by a saltling (11 damage)
             ... in the Desolation of Salt.
             The game lasted 00:58:48 (37540 turns).

Deminshera the Warrior (Demonspawn Hunter)         Turns: 37540, Time: 00:58:49

Health: -2/217     AC: 36    Str: 20    XL:     17   Next: 93%
Magic:  26/26      EV:  2    Int: 17    God:    Okawaru [*****.]
Gold:   2594       SH: 16    Dex: 18    Spells: 16/16 levels left

rFire   . . .      SeeInvis .   N - +8 hunting sling of the Scorching Scorpion {flame, rPois Int+3 Dex+5}
rCold   . . .      Faith    .   k - +0 kite shield
rNeg    . . .      Spirit   .   (armour currently unavailable)
rPois   +          Reflect  .   (helmet currently unavailable)
rElec   .          Harm     .   (cloak currently unavailable)
rCorr   .          Rampage  .   (gloves currently unavailable)
Will    ++...      NoTele   +   (boots unavailable)
Stlth   +++.......              z - amulet of magic regeneration
HPRegen 0.46/turn               p - ring of willpower
MPRegen 0.60/turn               O - ring of the Tortoise {AC+8}

@: mighty, agile, tree-form, heroic, finesse-ful
A: stationary, stasis, torment immunity, boosted hp, (hooves 3), ignite blood 3,
powered by pain 2, (sharp scales 2)
}: 1/15 runes: serpentine
a: Renounce Religion, Heroism, Finesse, Duel


You were in the Desolation of Salt.
You worshipped Okawaru.
Okawaru was extremely pleased with you.
You were a tree.
You visited 7 branches of the dungeon, and saw 31 of its levels.
You also visited: Sewer, Ossuary, Bailey, Ice Cave and Desolation.

You collected 2968 gold pieces.
You spent 374 gold pieces at shops.

Inventory:

Hand Weapons
 c - a +0 longbow of freezing
 t - the +11 mace of the Wraith {protect, rElec rPois}
   (You found it on level 5 of the Dungeon)

   It grants its wielder temporary protection when it strikes (+7 to AC).
   rElec:     It insulates you from electricity.
   rPois:     It protects you from poison.
 M - the +8 quick blade of Immorality {vorpal, rF+ Dex+4}
   (Okawaru gifted it to you on level 3 of the Snake Pit)

   It inflicts extra damage upon your enemies.
   Dex:       It affects your dexterity (+4).
   rF:        It protects you from fire.
 N - the +8 hunting sling of the Scorching Scorpion (weapon) {flame, rPois Int+3 Dex+5}
   (You found it on level 7 of the Dungeon)

   Any ammunition fired from it burns those it strikes, dealing additional fire
   damage.
   Int:       It affects your intelligence (+3).
   Dex:       It affects your dexterity (+5).
   rPois:     It protects you from poison.
Missiles
 d - 88 sling bullets
 e - 533 stones (quivered ammo)
Armour
 k - a +0 kite shield (worn)
 m - the +6 shadow dragon scales "Dekhlooba" (melded) {Fly Stlth++++}
   (Okawaru gifted it to you on level 12 of the Dungeon)

   Fly:       It grants you flight.
   Stlth:     It makes you much more stealthy.
 y - a +0 cloak (melded)
 L - the +0 pair of gloves "Emniybri" (melded) {Str+4 Slay+3}
   (You acquired it in a bailey)

   Str:       It affects your strength (+4).
   Slay:      It affects your accuracy & damage with ranged weapons and melee
   (+3).
 T - a +2 hat (melded)
 U - the +1 chain mail of Crawling {rF+ rC+ Str+2}
   (Okawaru gifted it to you on level 4 of the Snake Pit)

   Str:       It affects your strength (+2).
   rF:        It protects you from fire.
   rC:        It protects you from cold.
Jewellery
 b - a ring of protection from fire
 p - a ring of willpower (left branch)
 z - an amulet of magic regeneration (around neck)
 B - a ring of resist corrosion
 I - a ring of ice
 O - the ring of the Tortoise (right branch) {AC+8}
   (You found it on level 9 of the Dungeon)

   [ring of protection]

   AC:        It affects your AC (+8).
 V - a ring of poison resistance
Wands
 s - a wand of iceblast (29)
 D - a wand of flame (71)
 P - a wand of digging (6)
 Q - a wand of acid (13)
 S - a wand of paralysis (5)
Scrolls
 a - 5 scrolls of amnesia
 l - 3 scrolls of teleportation
 n - 2 scrolls of enchant weapon
 o - 3 scrolls of fog
 q - 5 scrolls of blinking
 w - a scroll of enchant armour
 x - 8 scrolls of identify
 F - 3 scrolls of fear
 H - 4 scrolls of vulnerability
 R - 2 scrolls of magic mapping
Potions
 f - 6 potions of curing
 g - 4 potions of heal wounds
 h - 6 potions of magic
 i - 7 potions of brilliance
 j - 5 potions of attraction
 r - 13 potions of might
 u - 3 potions of berserk rage
 v - 10 potions of haste
 A - 4 potions of resistance
 C - a potion of experience {unknown}
 E - a potion of cancellation {unknown}
 G - a potion of ambrosia
 J - 5 potions of lignification
 K - 2 potions of invisibility


   Skills:
 + Level 16.5(21.5) Fighting
 - Level 12.0(17.0) Slings
 + Level 11.9(16.9) Armour
 + Level 11.9(16.9) Dodging
 - Level 1.0(6.0) Stealth
 + Level 16.2(21.2) Shields
 - Level 12.0 Invocations


You had 16 spell levels left.
You didn't know any spells.
Your spell library contained the following spells:

 Spells                   Type           Power      Damage    Failure   Level
 Magic Dart               Conj           0%         1d3       30%         1
 Pain                     Necr           0%         1d4       30%         1
 Sting                    Tmut/Pois      0%         1d3       30%         1
 Blink                    Tloc           0%         N/A       41%         2
 Ensorcelled Hibernation  Hex/Ice        0%         N/A       41%         2
 Searing Ray              Conj           0%         2d4       41%         2
 Frozen Ramparts          Ice            0%         1d2       65%         3
 Gell's Gravitas          Tloc           0%         N/A       65%         3
 Lesser Beckoning         Tloc           0%         N/A       65%         3
 Ozocubu's Armour         Ice            0%         N/A       65%         3
 Spider Form              Tmut/Pois      0%         N/A       65%         3
 Teleport Other           Tloc           0%         N/A       65%         3
 Airstrike                Air            0%         N/A       96%         4
 Anguish                  Hex/Necr       0%         N/A       96%         4
 Fulminant Prism          Conj/Hex       0%         3d6       96%         4
 Ice Form                 Ice/Tmut       0%         N/A       96%         4
 Passage of Golubria      Tloc           0%         N/A       96%         4
 Agony                    Necr           0%         N/A       100%        5
 Alistair's Intoxication  Tmut/Pois      0%         N/A       100%        5
 Borgnjor's Vile Clutch   Necr/Erth      0%         N/A       100%        5
 Excruciating Wounds      Necr           0%         N/A       100%        5
 Lightning Bolt           Conj/Air       0%         1d11      100%        5
 Manifold Assault         Tloc           0%         N/A       100%        5
 Silence                  Hex/Air        0%         N/A       100%        5
 Yara's Violent Unravell  Hex/Tmut       0%         3d3       100%        5
 Dispersal                Tloc           0%         N/A       100%        6
 Eringya's Noxious Bog    Tmut/Pois      0%         N/A       100%        6
 Statue Form              Tmut/Erth      0%         N/A       100%        6
 Dragon Form              Tmut           0%         N/A       100%        7
 Enfeeble                 Hex            0%         N/A       100%        7
 Orb of Destruction       Conj           0%         N/A       100%        7
 Ozocubu's Refrigeration  Ice            0%         4d5       100%        7
 Disjunction              Tloc           0%         N/A       100%        8
 Lehudib's Crystal Spear  Conj/Erth      0%         10d2      100%        8
 Summon Guardian Golem    Hex/Summ       Unusable   N/A       N/A         3
 Tukima's Dance           Hex            Unusable   N/A       N/A         3
 Summon Ice Beast         Ice/Summ       Unusable   N/A       N/A         4
 Summon Lightning Spire   Summ/Air       Unusable   N/A       N/A         4
 Spellforged Servitor     Conj/Summ      Unusable   N/A       N/A         7

Dungeon Overview and Level Annotations

Branches:
Dungeon (15/15)            Temple (1/1) D:4            Lair (6/6) D:8
  Snake (4/4) Lair:4       Spider (0/4) Lair:3        Slime (1/5) Lair:5
    Orc (2/2) D:11            Elf (2/3) Orc:2        Vaults (0/5) D:13
 Depths (0/4) D:15          Sewer (visited)         Ossuary (visited)
 Bailey (visited)           IceCv (visited)         Desolation (1/1)

Altars:
Ashenzari
Cheibriados
Elyvilon
Fedhas
Gozag
Kikubaaqudgha
Makhleb
Nemelex Xobeh
Okawaru
Qazlal
Trog
Uskayaw
Vehumet
Wu Jian
Xom
Zin
The Shining One
Beogh
Jiyva
Lugonu

Shops:
D:7 *[(   D:15 :   Orc:1 =   Orc:2 :!((   Elf:1 :=:   Snake:1 (:*(:   Snake:3 *
Snake:4 ?(

Portals:
Abyss: Lair:6


Innate Abilities, Weirdness & Mutations

You are a tree.
Your roots penetrate the ground, keeping you stationary.
You cannot be teleported.
You are immune to unholy pain and torment.
Your maximum health is greatly increased.
Your equipment is partially melded.
((You have hooves in place of feet.))
Your demonic aura causes all spilled blood to erupt in flames.
You sometimes gain power by taking damage.
((You are mostly covered in razor-sharp scales. (AC +2, Slay +2)))


Message History

You block the saltling's attack.
The saltling hits you but does no damage.
Fire: 537 stones
Press: ? - help, Q - select action, (/) - cycle Shift-Dir - straight line, f/p - ragged hierophant
Aim: a ragged hierophant, wielding a +0 whip and wearing a +0 robe (severely wounded, 79% to hit)
You shoot a stone. The stone hits the ragged hierophant.
The stone burns the ragged hierophant.
The ragged hierophant is almost dead.
You block the saltling's attack.
Fire: 536 stones
Press: ? - help, Q - select action, (/) - cycle Shift-Dir - straight line, f/p - ragged hierophant
Aim: a ragged hierophant, wielding a +0 whip and wearing a +0 robe (almost dead, 79% to hit)
You shoot a stone. The stone hits the ragged hierophant.
The stone burns the ragged hierophant.
The ragged hierophant is almost dead.
Fire: 535 stones
Press: ? - help, Q - select action, (/) - cycle Shift-Dir - straight line, f/p - ragged hierophant
Aim: a ragged hierophant, wielding a +0 whip and wearing a +0 robe (almost dead, 79% to hit)
You shoot a stone. The stone hits the ragged hierophant!
The stone burns the ragged hierophant.
You kill the ragged hierophant!
Okawaru accepts your kill. You block the saltling's attack.
The saltling hits you but does no damage.
The servant of whispers mumbles some strange prayers to its god against you.
The bolt of lightning hits you!
* * * LOW HITPOINT WARNING * * *
You focus on the pain.
You feel very mighty all of a sudden. The bolt of lightning hits you!!
* * * LOW HITPOINT WARNING * * *
You focus on the pain.
You feel more agile all of a sudden.
Fire: 534 stones
Press: ? - help, Q - select action, (/) - cycle Shift-Dir - straight line, f - servant of whispers
Aim: a servant of whispers, wielding a +2 spear of flaming and wearing a +0 robe (stilling the winds, sheltered from injuries, 75% to hit)
You shoot a stone.
The stone completely misses the servant of whispers.
The saltling hits you!
You die...

................
.........#.(........(##
.........#.......#....#
................(.....#
.....(.........(......#
......................#
.............[........
...(..(...∩.).9...#
..(..((((.(..a(♣.#.
..........∩)).99)(....#
...................#..#
..#...................#
................#.....#
.........#..........(.#
..............#......##
....(......(.......###
..................


You could see a servant of whispers (stilling wind, sheltered) and 3 saltlings.

Vanquished Creatures
  Vashnia (Arena)
  5 nagarajas
  Roxanne (Elf:1)
  A frost giant (IceCv)
  A juggernaut zombie (D:15)
  2 angels (Elf:2)
  Nessos (Arena)
  A deep elf death mage (Elf:1)
  2 ragged hierophants (Desolation)
  A servant of whispers (Desolation)
  A rakshasa (D:13)
  2 boulder beetles
  Erolcha (D:11)
  8 hydras
  6 naga warriors
  An ogre mage (D:15)
  2 salamander tyrants (Snake:4)
  A death knight (D:14)
  9 anacondas
  5 dancing weapons
  9 two-headed ogres
  14 death yaks
  2 centaur warriors (D:15)
  4 tengu warriors (D:15)
  An orc high priest (Elf:1)
  A titan zombie (D:15)
  3 thrashing horrors (Lair:6)
  5 shock serpents
  3 deep elf knights (Elf:1)
  11 naga sharpshooters
  A golden dragon zombie (D:15)
  14 skeletal warriors
  6 salamander mystics
  A flayed ghost (D:15)
  3 deep elf archers (Elf:1)
  10 naga ritualists
  A lindwurm (Lair:6)
  A wizard (D:13)
  Pikel (D:4)
  2 necromancers
  A phantasmal warrior (D:14)
  2 ironbound convokers (Desolation)
  11 deep elf pyromancers
  3 orc knights
  19 deep elf zephyrmancers
  A cyclops (shapeshifter) (Elf:1)
  14 ugly things
  14 mana vipers
  A manticore (D:14)
  4 cyclopes
  8 orc sorcerers
  12 salamanders
  26 black mambas
  15 naga magi
  An ice statue (IceCv)
  6 guardian serpents
  15 elephants
  A molten gargoyle (Desolation)
  3 smoke demons (Lair:6)
  2 torpor snails
  7 cane toads
  5 rime drakes
  12 komodo dragons
  Maggie (D:7)
  2 efreet
  3 kobold demonologists
  A tengu conjurer (D:15)
  2 ancient zymes (Lair:6)
  2 freezing wraiths (D:14)
  3 trolls
  7 polar bears
  2 hornets
  A meliai (shapeshifter) (Lair:6)
  9 saltlings (Desolation)
  4 slime creatures (D:14)
  Prince Ribbit (D:5)
  25 blink frogs
  A tarantella (Lair:3)
  A meliai zombie (D:10)
  A blink frog (shapeshifter) (D:12)
  5 dream sheep (Lair:6)
  The ghost of whodunnit the Bolt Thrower, an amateur TeHu (D:4)
  A spriggan zombie (D:15)
  2 air elementals (Elf:1)
  2 wyverns
  A ynoxinul (Lair:6)
  2 large abominations (Lair:6)
  3 water elementals
  6 wraiths
  2 shadows
  2 spriggans (Lair:6)
  2 fire elementals (Elf:1)
  4 fire bats (D:9)
  62 yaks
  6 basilisks
  Grum (D:11)
  6 vampire mosquitoes
  A steam dragon (D:7)
  Menkaure (D:5)
  A chaos spawn (Lair:6)
  10 wargs
  12 small abominations (Lair:6)
  An acid dragon (D:12)
  2 swamp worms (Lair:3)
  Edmund (D:6)
  33 nagas
  A hell hound (D:9)
  15 water moccasins
  19 orc warriors
  2 ice beasts
  2 black bears
  Pargi (Sewer)
  14 ogres
  2 necrophages
  27 wolves
  7 centaurs
  2 kobold brigands
  21 bullfrogs
  A two-headed ogre simulacrum (Orc:2)
  9 scorpions
  A wyvern skeleton (D:7)
  A water moccasin skeleton (D:7)
  4 wights (D:7)
  7 howler monkeys
  15 electric eels
  6 centaur zombies
  2 lava snakes (D:9)
  2 jellies
  A human zombie (D:7)
  3 hounds
  10 orc priests
  Crazy Yiuf (D:5)
  A bullfrog skeleton (D:5)
  3 human skeletons (D:7)
  5 centaur skeletons
  An iguana (D:6)
  40 orc wizards
  4 scorpion zombies (Ossuary)
  7 hell rats (Lair:3)
  2 polar bear simulacra (Orc:2)
  A spriggan simulacrum (Orc:2)
  2 troll simulacra (Orc:2)
  2 wolf simulacra (Orc:2)
  A hound skeleton (D:4)
  3 mummies (Ossuary)
  2 howler monkey zombies (D:5)
  11 gnolls
  2 howler monkey skeletons
  4 adders
  2 river rats (D:5)
  A shadow imp (D:11)
  A white imp (D:5)
  2 ufetubi
  A dart slug (D:5)
  99 orcs
  7 ball pythons
  3 bats
  2 endoplasms (D:3)
  A giant cockroach (D:4)
  A gnoll zombie (Ossuary)
  3 hobgoblins
  8 jackals
  A quokka (D:4)
  2 frilled lizards
  5 goblins
  3 goblin zombies (Ossuary)
  3 hobgoblin zombies (Ossuary)
  21 kobolds
  2 orc skeletons (D:7)
  2 orc zombies (Ossuary)
  3 rats
  3 fire vortices (D:9)
1007 creatures vanquished.

Vanquished Creatures (others)
  A smoke demon (Lair:6)
  A polar bear (IceCv)
  14 fungi
  49 plants
  2 withered plants (D:15)
67 creatures vanquished.

Grand Total: 1074 creatures vanquished

Notes
Turn   | Place    | Note
-------+----------+-------------------------------------------
     0 | D:1      | Deminshera the Demonspawn Hunter began the quest for the
                  | Orb.
     0 | D:1      | Reached XP level 1. HP: 16/16 MP: 1/1
   177 | D:1      | Reached skill level 1 in Stealth
   621 | D:1      | Gained mutation: You are partially covered in razor-sharp
                  | scales. (AC +1, Slay +1) [demonic ancestry]
   621 | D:1      | Reached XP level 2. HP: 22/22 MP: 2/2
  1504 | D:3      | Reached XP level 3. HP: 22/28 MP: 3/3
  1612 | D:3      | Found a shimmering altar of Xom.
  1704 | D:3      | Reached skill level 1 in Shields
  1853 | D:3      | Found a hide-covered altar of Uskayaw.
  1919 | D:3      | Reached XP level 4. HP: 30/35 MP: 4/4
  1980 | D:3      | Noticed an ice beast
  2054 | D:3      | Killed an ice beast
  2055 | D:3      | Gained mutation: Your demonic aura sometimes causes spilled
                  | blood to erupt in flames. [demonic ancestry]
  2055 | D:3      | Reached XP level 5. HP: 10/41 MP: 5/5
  3196 | D:4      | Noticed a lemure
  3196 | D:4      | Noticed a lemure
  3196 | D:4      | Noticed Pikel
  3201 | D:4      | Noticed a lemure
  3209 | D:4      | Noticed a lemure
  3233 | D:4      | Killed Pikel
  3234 | D:4      | Reached skill level 5 in Fighting
  3234 | D:4      | Reached skill level 5 in Slings
  3234 | D:4      | Gained mutation: You have large cloven feet. [demonic
                  | ancestry]
  3234 | D:4      | Reached XP level 6. HP: 32/51 MP: 6/6
  3234 | D:4      | Gained mutation: You have hoof-like feet. [demonic
                  | ancestry]
  3234 | D:4      | Reached XP level 7. HP: 35/56 MP: 7/7
  3379 | D:4      | Found a staircase to the Ecumenical Temple.
  3495 | Temple   | Entered the Ecumenical Temple
  3510 | Temple   | Became a worshipper of Warmaster Okawaru
  3555 | D:4      | Found a transporter.
  3681 | D:4      | Noticed whodunnit's ghost (amateur TeHu)
  3685 | D:4      | Identified the +3 giant club "Loopy" {speed, *Noise rN++
                  | Str+3}
  4357 | D:4      | Reached XP level 8. HP: 62/62 MP: 8/8
  4451 | D:4      | Found a transporter.
  4456 | D:4      | Reached skill level 5 in Shields
  4461 | D:4      | Killed whodunnit's ghost
  4461 | D:4      | Reached * piety under Okawaru
  4525 | D:5      | Entered Level 5 of the Dungeon
  4531 | D:5      | Found a stormy altar of Qazlal.
  4646 | D:5      | Noticed Menkaure
  4658 | D:5      | Killed Menkaure
  4826 | D:5      | Found a glowing drain.
  4836 | Sewer    | Entered a sewer
  5002 | Sewer    | Noticed Pargi
  5010 | Sewer    | Killed Pargi
  5602 | D:5      | Reached ** piety under Okawaru
  5710 | D:5      | Reached XP level 9. HP: 68/68 MP: 9/9
  5925 | D:5      | Noticed Prince Ribbit
  5933 | D:5      | Killed Prince Ribbit
  5934 | D:5      | Reached skill level 1 in Invocations
  5976 | D:5      | Found a runed translucent door.
  5983 | D:5      | Identified the +11 mace of the Wraith {protect, rElec
                  | rPois}
  5991 | D:5      | Noticed Crazy Yiuf
  5996 | D:5      | Killed Crazy Yiuf
  6310 | D:6      | Noticed Edmund
  6320 | D:6      | Killed Edmund
  6952 | D:7      | Reached *** piety under Okawaru
  7195 | D:7      | Reached skill level 5 in Invocations
  7316 | D:7      | Found a sand-covered staircase.
  7325 | Ossuary  | Entered an ossuary
  7459 | Ossuary  | Gained mutation: You sometimes gain a little power by
                  | taking damage. [demonic ancestry]
  7459 | Ossuary  | Reached XP level 10. HP: 51/74 MP: 14/14
  7707 | D:7      | Identified the +8 hunting sling of the Scorching Scorpion
                  | {flame, rPois Int+3 Dex+5}
  7713 | D:7      | Found Qubryiqi's Assorted Antiques.
  7795 | D:7      | Reached **** piety under Okawaru
  7829 | D:7      | Found Upailim's Antique Weapon Boutique.
  7838 | D:7      | Found Sium's Armour Emporium.
  7856 | D:7      | Noticed Maggie
  7871 | D:7      | Killed Maggie
  8599 | D:8      | Found a staircase to the Lair.
  8609 | D:8      | Reached ***** piety under Okawaru
  9041 | D:9      | Reached skill level 10 in Slings
  9232 | D:9      | Found a bloodstained altar of Trog.
  9306 | D:9      | Found the ring of the Tortoise {AC+8}
  9554 | D:9      | Identified the +2 chain mail of Forking Paths {rPois rC-
                  | Str+4} (Okawaru gifted it to you on level 9 of the Dungeon)
  9554 | D:9      | Received a gift from Okawaru
 10056 | D:9      | Found a broken altar of Ashenzari.
 10155 | D:9      | Reached XP level 11. HP: 79/79 MP: 17/17
 10323 | D:9      | Identified the +9 plate armour of Supple Strength {Int+3}
 10387 | D:10     | Entered Level 10 of the Dungeon
 10429 | D:10     | Found a flagged portal.
 10439 | Bailey   | Entered a bailey
 10657 | Bailey   | Acquired the +0 pair of gloves "Emniybri" {Str+4 Slay+3}
 11045 | D:10     | Identified the +1 robe "Riuc Hou" {Harm}
 11087 | D:10     | Reached skill level 10 in Shields
 11217 | D:10     | Found an ornate altar of the Wu Jian Council.
 11822 | D:11     | Noticed a boulder beetle
 11839 | D:11     | Killed a boulder beetle
 11957 | D:11     | Noticed a brown ugly thing
 11977 | D:11     | Killed a brown ugly thing
 12171 | D:11     | Noticed Erolcha
 12183 | D:11     | Killed Erolcha
 12458 | D:11     | Noticed a sun demon
 12584 | D:11     | Noticed Grum
 12592 | D:11     | Killed Grum
 12674 | D:11     | Noticed a two-headed ogre
 12689 | D:11     | Killed a two-headed ogre
 12689 | D:11     | Received a gift from Okawaru
 12812 | D:11     | Found a staircase to the Orcish Mines.
 12909 | D:12     | Identified the +6 shadow dragon scales "Dekhlooba" {Fly
                  | Stlth++++} (Okawaru gifted it to you on level 12 of the
                  | Dungeon)
 12909 | D:12     | Received a gift from Okawaru
 12979 | D:12     | Gained mutation: You sometimes gain power by taking damage.
                  | [demonic ancestry]
 12979 | D:12     | Reached XP level 12. HP: 86/86 MP: 18/18
 12981 | D:12     | Noticed a two-headed ogre
 12985 | D:12     | Killed a two-headed ogre
 12988 | D:12     | You are sucked into a shaft and drop 2 floors!
 12988 | D:14     | Noticed a two-headed ogre
 12991 | D:14     | Killed a two-headed ogre
 13006 | D:14     | Noticed a two-headed ogre
 13013 | D:14     | Killed a two-headed ogre
 13034 | D:13     | Identified the +1 chain mail of the Flute {Rampage Int+4}
 13218 | D:12     | Noticed a two-headed ogre
 13222 | D:12     | Killed a two-headed ogre
 13311 | D:12     | Reached ****** piety under Okawaru
 13858 | D:13     | Noticed a four-headed hydra
 13862 | D:13     | Killed a four-headed hydra
 14008 | D:13     | Received a gift from Okawaru
 14100 | D:13     | Noticed a two-headed ogre
 14107 | D:13     | Killed a two-headed ogre
 14219 | D:13     | Identified the +1 robe "Jajes" {rF+ rN+ Will+}
 14227 | D:13     | Noticed a rakshasa
 14243 | D:13     | Killed a rakshasa
 14243 | D:13     | Received a gift from Okawaru
 14364 | D:13     | Received a gift from Okawaru
 14365 | D:13     | Reached skill level 15 in Shields
 15047 | D:13     | Found a gate to the Vaults.
 15204 | Lair:1   | Entered Level 1 of the Lair of Beasts
 15325 | Lair:1   | Received a gift from Okawaru
 15329 | Lair:1   | Identified the +7 glaive "Nuasob" {vorpal, rElec rPois}
 15393 | Lair:1   | Noticed an eight-headed hydra
 15398 | Lair:1   | Gained mutation: Your demonic aura often causes spilled
                  | blood to erupt in flames. [demonic ancestry]
 15398 | Lair:1   | Reached XP level 13. HP: 93/93 MP: 19/19
 15403 | Lair:1   | Received a gift from Okawaru
 17478 | Lair:3   | Received a gift from Okawaru
 17685 | Lair:3   | Reached skill level 10 in Fighting
 17767 | Lair:3   | Identified the +0 pair of boots of Paranoia {Int+3 Dex+2
                  | Slay+2} (Okawaru gifted it to you on level 3 of the Lair of
                  | Beasts)
 17767 | Lair:3   | Received a gift from Okawaru
 18076 | Lair:3   | Found a hole to the Spider Nest.
 19071 | Lair:4   | Found a staircase to the Snake Pit.
 19174 | Lair:4   | Reached XP level 14. HP: 109/116 MP: 20/20
 19379 | Lair:5   | Found a viscous altar of Jiyva.
 19380 | Lair:5   | Found a staircase to the Slime Pits.
 19422 | Lair:5   | Identified the +2 pair of gloves "Ateshro" {rF- Str+8
                  | Int+3} (Okawaru gifted it to you on level 5 of the Lair of
                  | Beasts)
 19422 | Lair:5   | Received a gift from Okawaru
 20127 | Slime:1  | Entered Level 1 of the Pits of Slime
 20127 | Slime:1  | Noticed an azure jelly
 20127 | Slime:1  | Noticed an acid blob
 20144 | Lair:6   | Entered Level 6 of the Lair of Beasts
 20271 | Lair:6   | Noticed Nessos
 20276 | Arena    | Entered the Arena
 20282 | Arena    | Killed Nessos
 20605 | Lair:6   | Reached skill level 15 in Fighting
 20648 | Lair:6   | Reached skill level 1 in Armour
 21013 | Lair:6   | Identified the +11 broad axe of the End of Times {flame,
                  | rC+ Int+3} (Okawaru gifted it to you on level 6 of the Lair
                  | of Beasts)
 21013 | Lair:6   | Received a gift from Okawaru
 21605 | Lair:6   | Found a corrupted altar of Lugonu.
 21605 | Lair:6   | Found a one-way gate to the infinite horrors of the Abyss.
 22193 | D:14     | Reached skill level 5 in Dodging
 22441 | D:14     | Gained mutation: You are mostly covered in razor-sharp
                  | scales. (AC +2, Slay +2) [demonic ancestry]
 22441 | D:14     | Reached XP level 15. HP: 129/129 MP: 21/21
 22446 | D:14     | Reached skill level 5 in Armour
 22459 | D:14     | Identified the +0 ring mail "Vafiti" {Dex+7} (Okawaru
                  | gifted it to you on level 14 of the Dungeon)
 22459 | D:14     | Received a gift from Okawaru
 22634 | D:14     | Found an opulent altar of Gozag.
 23085 | D:15     | Entered Level 15 of the Dungeon
 23788 | D:15     | Found a staircase to the Depths.
 24076 | D:15     | Found an iron altar of Okawaru.
 24086 | D:15     | Found Gutues's Self-Improvement Boutique.
 24416 | D:15     | Received a gift from Okawaru
 24870 | Orc:1    | Entered Level 1 of the Orcish Mines
 24930 | Orc:1    | Found Feurrek's Jewellery Shoppe.
 25195 | Orc:1    | Received a gift from Okawaru
 25512 | Orc:2    | Entered Level 2 of the Orcish Mines
 25544 | Orc:2    | Found a frozen archway.
 25576 | IceCv    | Entered an ice cave
 25751 | IceCv    | Received a gift from Okawaru
 25752 | IceCv    | Gained mutation: You have hooves in place of feet. [demonic
                  | ancestry]
 25752 | IceCv    | Reached XP level 16. HP: 136/136 MP: 22/22
 26234 | Orc:2    | Received a gift from Okawaru
 26598 | Orc:2    | Found a staircase to the Elven Halls.
 26893 | Orc:2    | Reached skill level 10 in Dodging
 26914 | Orc:2    | Found Buegog's Antique Weapon Emporium.
 26914 | Orc:2    | Found Saev's Antique Weapon Boutique.
 26984 | Orc:2    | Found Hasus's Distillery.
 27033 | Orc:2    | Bought a potion of haste for 100 gold pieces
 27033 | Orc:2    | Bought a potion of heal wounds for 50 gold pieces
 27037 | Orc:2    | Found Gexet's Book Boutique.
 27491 | Snake:1  | Entered Level 1 of the Snake Pit
 27491 | Snake:1  | Found Ylueggon's Book Shop.
 27565 | Snake:1  | Reached skill level 10 in Armour
 27660 | Snake:1  | Found Ahiv's Antique Weapon Shop.
 27661 | Snake:1  | Found Kacees's Assorted Antiques.
 27664 | Snake:1  | Found Lotag's Antique Weapon Shop.
 27684 | Snake:1  | Found Wonoosat's Book Shop.
 27706 | Snake:1  | Received a gift from Okawaru
 27813 | Snake:1  | Reached skill level 10 in Invocations
 28639 | Snake:1  | Identified the +8 chain mail of Space {rPois}
 31073 | Snake:3  | Found Uthrur's General Store.
 31546 | Snake:3  | Identified the +8 quick blade of Immorality {vorpal, rF+
                  | Dex+4} (Okawaru gifted it to you on level 3 of the Snake
                  | Pit)
 31546 | Snake:3  | Received a gift from Okawaru
 32329 | Snake:4  | Entered Level 4 of the Snake Pit
 32659 | Snake:4  | Gained mutation: Your demonic aura causes all spilled blood
                  | to erupt in flames. [demonic ancestry]
 32659 | Snake:4  | Reached XP level 17. HP: 129/142 MP: 26/26
 32867 | Snake:4  | Noticed Vashnia
 32882 | Arena    | Entered the Arena
 32896 | Arena    | Killed Vashnia
 32896 | Arena    | Received a gift from Okawaru
 33116 | Snake:4  | Received a gift from Okawaru
 33922 | Snake:4  | Found Agifelek's Weapon Emporium.
 33924 | Snake:4  | Found Lohysic's Magic Scroll Shoppe.
 33955 | Snake:4  | Bought a scroll of blinking for 120 gold pieces
 33955 | Snake:4  | Bought a scroll of teleportation for 48 gold pieces
 33955 | Snake:4  | Bought a scroll of magic mapping for 56 gold pieces
 34389 | Snake:4  | Identified the +1 chain mail of Crawling {rF+ rC+ Str+2}
                  | (Okawaru gifted it to you on level 4 of the Snake Pit)
 34389 | Snake:4  | Received a gift from Okawaru
 34448 | Snake:4  | Got a serpentine rune of Zot
 34812 | Elf:1    | Entered Level 1 of the Elven Halls
 34847 | Elf:1    | Paralysed by an air elemental for 1 turns
 34850 | Elf:1    | Paralysed by an air elemental for 1 turns
 35197 | Elf:1    | Identified Roxanne's Handbook of Transmigration
 35197 | Elf:1    | Noticed Roxanne
 35247 | Elf:1    | Killed Roxanne
 35483 | Elf:1    | Found Ering's Book Emporium.
 35483 | Elf:1    | Found Adonk's Jewellery Boutique.
 35490 | Elf:1    | Found Asoemaing's Book Emporium.
 36654 | Elf:2    | Found a crumbling gateway.
 37107 | Desolati | Entered the Desolation of Salt
 37169 | Arena    | Entered the Arena
 37453 | Arena    | Entered the Arena
 37539 | Desolati | HP: 9/217 [servant of whispers/bolt of lightning (21)]
 37540 | Desolati | Slain by a saltling

Illustrated notes

Levels and vault maps discovered:
D:1:      dpeg_arrival_three_smaller_balls, layout_loops_ring
D:2:      layout_basic
D:3:      layout_loops_ring, nicolae_overflow_hidden_temple,
          mainiacjoe_overflow_small_starburst
D:4:      layout_basic, minmay_temple_entry_offerings, gammafunk_ghost_smash,
          minmay_small_thing, uniq_pikel
D:5:      layout_loops_ring, gammafunk_temple_overflow_wave,
          portal_sewer_entry_b, uniq_menkaure, uniq_crazy_yiuf_cottage,
          uniq_prince_ribbit1
D:6:      layout_loops_ring, uniq_edmund
D:7:      layout_loops_ring, nicolae_ossuary_entry_catacombs, serial_shops,
          shop, shop, shop, serial_bayou_lake_a, uniq_maggie
D:8:      layout_loops_ring, erik_lair_orcish_takeover, minmay_holes
D:9:      layout_gridville, lemuel_round_altar, bloody_trog,
          hangedman_incinerator
D:10:     layout_basic, mainiacjoe_overflow_concentric_impassable,
          enter_bailey_3
D:11:     layout_basic, orc_david_3, uniq_grum, uniq_erolcha
D:12:     layout_basic, chequers_serial_rivers_micro_a
D:13:     layout_irregular_city, david_vaults_1
D:14:     layout_cave_pools, nicolae_gozag_cash_rules_everything_around_me,
          minivault_4
D:15:     gammafunk_depths_entry_grave, layout_loops_corners, okawaru_trees_1,
          nicolae_shop_self_help
Temple:   eino_wide_crystal_templ
Lair:1:   layout_gridlike, minivault_25, infiniplex_staircase_pool_2
Lair:2:   layout_roguey, beast_lair_carwin_7, serial_bayou_shore_a
Lair:3:   layout_regular_city, spider_nest_entry_rubble, worms_lemuel
Lair:4:   layout_cave_shapes, minmay_snake_entry_six_corridors, st_stairs_11,
          beast_lair_carwin_11
Lair:5:   layout_gridlike, slime_altar_1, patterned_corridor,
          serial_bayou_shore_b, grunt_megastairs_1
Lair:6:   hellmonk_lair_end_abyssal_woods, layout_gridlike, uniq_nessos
Snake:1:  layout_chambers, serial_shops, nicolae_shop_waterfront,
          minmay_shop_grid_forest
Snake:2:  layout_chambers
Snake:3:  layout_cave_pods, nicolae_stop_n_shop_1, serial_bayou_shore_b
Snake:4:  johnstein_snake_rune_scales, layout_rooms, nicolae_snake_biting_tails,
          minmay_shoptagon
Slime:1:  layout_caves, basic_altar, nicolae_slime_phagocytosis
Orc:1:    layout_diamond_mine, basic_altar, serial_shops,
          nicolae_shop_behind_doors,
          nicolae_shop_temple_entry_statues_fountains,
          statue_in_the_mist_lemuel, elves_outpost_lemuel
Orc:2:    st_orc_town, layout_caves, basic_altar,
          portal_ice_cave_entry_ice_simulacra, lemuel_statue_altar,
          nicolae_orc_crystal_geode
Elf:1:    minmay_elf_arrival_plus, layout_geoelf_grid, minivault_28,
          minmay_shop_grove, uniq_roxanne
Elf:2:    nicolae_elf_blades_crystal_corner, layout_geoelf_diagonals,
          portal_desolation_entry_holy_temple
Desolation

Skill      XL: |  1  2  3  4  5  6  7  8  9 10 11 12 13 14 15 16 17 |
---------------+----------------------------------------------------+-----
Stealth        | 1 |  1.0
Dodging        | 2 5 9 10 11 | 11.9
Slings         | 4 5 6 7 9 10 12 | 12.0
Shields        | 1 2 3 4 6 8 9 12 15 16 | 16.2
Fighting       | 3 5 6 12 15 16 | 16.5
Invocations    | 6 8 12 | 12.0
Armour         | 4 9 10 11 | 11.9

Action                   |  1- 3 |  4- 6 |  7- 9 | 10-12 | 13-15 | 16-18 || total
-------------------------+-------+-------+-------+-------+-------+-------++-------
Melee: Whip              |       |     4 |       |       |       |       ||     4
       Unarmed           |       |     1 |    11 |       |       |       ||    12
       Mace              |       |       |   136 |    25 |     2 |       ||   163
       Kick              |       |       |    36 |     5 |       |       ||    41
       Quick blade       |       |       |       |       |       |     6 ||     6
 Fire: Hunting sling     |    80 |   115 |   220 |   694 |  1191 |  1125 ||  3425
Throw: Stone             |       |       |       |     7 |       |       ||     7
Invok: Heroism           |       |       |       |     3 |     4 |     9 ||    16
       Finesse           |       |       |       |     1 |     1 |     6 ||     8
       Duel              |       |       |       |       |     1 |     3 ||     4
Evoke: Wand              |       |       |     7 |       |       |       ||     7
  Use: Potion            |       |     3 |     2 |       |       |     8 ||    13
       Scroll            |       |       |    12 |    17 |     7 |     1 ||    37
 Stab: Sleeping          |       |       |     1 |       |       |       ||     1
Armor: Ring mail         |     8 |    16 |       |       |       |       ||    24
       Leather armour    |       |     5 |    28 |       |       |       ||    33
       Skin              |       |       |     1 |       |       |    21 ||    22
       Troll leather arm |       |       |    66 |    27 |       |       ||    93
       Plate armour      |       |       |       |    43 |       |       ||    43
       Shadow dragon sca |       |       |       |    19 |   128 |    91 ||   238
       Chain mail        |       |       |       |       |       |    31 ||    31
Dodge: Dodged            |     9 |    19 |   144 |    75 |    78 |   126 ||   451
Block: Kite shield       |     6 |       |       |    23 |   195 |   232 ||   456
       Buckler           |     1 |    15 |    76 |    52 |       |       ||   144

Table legend: (Time is in decaauts)
 A = Elapsed time spent in this place.
 B = Non-inter-level travel time spent in this place.
 C = Inter-level travel time spent in this place.
 D = Time resting spent in this place.
 E = Time spent auto-exploring this place.
 F = Levels seen in this place.
 G = Mean time per level.
                   A        B        C        D        E       F      G
               +--------+--------+--------+--------+--------+-----+--------+
         Total |  36692 |  34128 |   2564 |   4245 |  23886 |  40 |  917.3 |
       Dungeon |  17179 |  15792 |   1387 |   1807 |  11215 |  15 | 1145.3 |
        Temple |     28 |     16 |     12 |      0 |      5 |   1 |   28.0 |
          Lair |   6590 |   5886 |    704 |    543 |   4411 |   6 | 1098.3 |
     Snake Pit |   6870 |   6606 |    264 |   1267 |   4520 |   4 | 1717.5 |
    Slime Pits |      1 |      1 |      0 |      0 |      0 |   1 |    1.0 |
  Orcish Mines |   1891 |   1731 |    160 |      0 |   1286 |   2 |  945.5 |
   Elven Halls |   2226 |   2191 |     35 |    378 |   1503 |   2 | 1113.0 |
         Sewer |    245 |    245 |      0 |      0 |    176 |   1 |  245.0 |
       Ossuary |    334 |    334 |      0 |      0 |    161 |   1 |  334.0 |
        Bailey |    442 |    442 |      0 |      0 |    319 |   1 |  442.0 |
      Ice Cave |    484 |    484 |      0 |      0 |    278 |   1 |  484.0 |
    Desolation |    335 |    335 |      0 |    238 |     12 |   1 |  335.0 |
         Arena |     61 |     61 |      0 |     11 |      0 |   4 |   15.2 |
               +--------+--------+--------+--------+--------+-----+--------+

Top non-repeatable levels by time:
 Snake:4: 2094 daAuts
   Elf:1: 2091 daAuts
 Snake:2: 1822 daAuts
 Snake:1: 1716 daAuts
     D:4: 1664 daAuts
    D:15: 1644 daAuts
     D:5: 1493 daAuts
  Lair:6: 1485 daAuts
  Lair:2: 1443 daAuts
     D:9: 1415 daAuts
     D:3: 1385 daAuts
    D:13: 1364 daAuts
    D:11: 1346 daAuts
 Snake:3: 1236 daAuts
   Orc:2: 1218 daAuts
